 Dungeon Crawl Stone Soup version 0.27.1-1-g398f81649c (webtiles) character file.

Game seed: 10178882516474963059

2255 Metae the Shield-Bearer (level 9, 0/80 HPs)
             Began as a Minotaur Fighter on Sept 20, 2021.
             Was a Follower of Nemelex Xobeh.
             Slain by Maggie (2 damage)
             ... on level 6 of the Dungeon.
             The game lasted 00:24:16 (10078 turns).

Metae the Shield-Bearer (Minotaur Fighter)         Turns: 10078, Time: 00:24:21

Health: 0/80       AC: 10    Str: 25    XL:     9   Next: 15%
Magic:  10/10      EV:  7    Int:  5    God:    Nemelex Xobeh [*.....]
Gold:   329        SH: 11    Dex:  9    Spells: 8/8 levels left

rFire    . . .     SeeInvis .   a - +0 trident
rCold    + . .     Faith    .   c - +0 kite shield
rNeg     . . .     Spirit   .   y - +0 chain mail
rPois    .         Reflect  .   (helmet restricted)
rElec    .         Harm     .   (no cloak)
rCorr    .         Rampage  .   (no gloves)
Will     +....                  (no boots)
Stlth    ..........             (no amulet)
HPRegen  0.23/turn              m - ring of willpower
MPRegen  0.12/turn              F - ring of protection from cold

@: no status effects
A: horns 2, retaliatory headbutt
a: Renounce Religion, Draw Escape, Draw Destruction, Draw Summoning


You were on level 6 of the Dungeon.
You worshipped Nemelex Xobeh.
Nemelex Xobeh was aware of your devotion.
You visited 2 branches of the dungeon, and saw 7 of its levels.
You also visited: Sewer.

You collected 329 gold pieces.

Inventory:

Hand Weapons
 a - a +0 trident (weapon)
Missiles
 f - 3 boomerangs (quivered)
Armour
 b - a +0 scale mail
 c - a +0 kite shield (worn)
 y - a +0 chain mail (worn)
Jewellery
 m - a ring of willpower (left hand)
 x - a ring of flight
 B - a ring of ice
 D - a ring of magical power
 F - a ring of protection from cold (right hand)
Wands
 o - a wand of charming (7)
Scrolls
 e - a scroll of immolation {unknown}
 h - a scroll of enchant armour {unknown}
 i - 2 scrolls of enchant weapon
 l - a scroll of summoning {unknown}
 n - a scroll of teleportation {unknown}
 p - a scroll of silence {unknown}
 q - a scroll of fog {unknown}
 r - 3 scrolls of fear
 s - a scroll of brand weapon {unknown}
 t - a scroll of acquirement {unknown}
 z - a scroll of amnesia {unknown}
 A - a scroll of identify
Potions
 d - a potion of might
 g - 3 potions of curing {unknown}
 j - a potion of brilliance {unknown}
 k - 5 potions of degeneration
 u - 3 potions of flight
 v - 2 potions of haste
 w - a potion of mutation {unknown}
 C - a potion of lignification {unknown}
 E - a potion of berserk rage {unknown}


   Skills:
 + Level 7.7 Fighting
 + Level 7.2 Polearms
 + Level 7.8 Armour
 + Level 7.8 Shields
 + Level 3.7 Invocations


You had 8 spell levels left.
You didn't know any spells.
Your spell library contained the following spells:

 Spells                   Type           Power      Damage    Failure   Level
 Animate Skeleton         Necr           0%         N/A       100%        1
 Apportation              Tloc           0%         N/A       100%        1
 Pain                     Necr           0%         1d4       100%        1
 Dazzling Flash           Conj/Hex       0%         N/A       100%        3
 Vampiric Draining        Necr           0%         2d6       100%        3
 Agony                    Necr           0%         N/A       100%        5
 Silence                  Hex/Air        0%         N/A       100%        5
 Borgnjor's Revivificati  Necr           0%         N/A       100%        8
 Necromutation            Tmut/Necr      0%         N/A       100%        8
 Death's Door             Necr           0%         N/A       100%        9


Dungeon Overview and Level Annotations

Branches:
Dungeon (6/15)             Temple (1/1) D:4           Sewer (visited)

Altars:
Ashenzari
Dithmenos
Elyvilon
Fedhas
Gozag
Nemelex Xobeh
Sif Muna
Uskayaw
Vehumet
Wu Jian
Yredelemnul
Zin

Shops:
D:2 (

Annotations:
D:6 Maggie


Innate Abilities, Weirdness & Mutations

You have a pair of horns on your head.
You reflexively headbutt those who attack you in melee.


Message History

Aim: Maggie, wielding a +1 scimitar of flaming and wearing +0 swamp dragon scales (heavily wounded, 60% to hit)
You throw a boomerang. The boomerang barely misses the orc.
The boomerang hits Maggie.
Maggie is heavily wounded.
Throw: 3 boomerangs
Press: ? - help, Q - select action, (/) - cycle Shift-Dir - straight line, f/p - Maggie
Aim: Maggie, wielding a +1 scimitar of flaming and wearing +0 swamp dragon scales (heavily wounded, 61% to hit)
You throw a boomerang. The boomerang hits the orc.
The orc is severely wounded.
Throw: 3 boomerangs
Press: ? - help, Q - select action, (/) - cycle Shift-Dir - straight line, f/p - Maggie
Aim: Maggie, wielding a +1 scimitar of flaming and wearing +0 swamp dragon scales (heavily wounded, 61% to hit)
You throw a boomerang. The boomerang hits the orc.
The orc is almost dead.
Maggie says, "How do the people who live here stand the isolation?"
You barely miss the orc.
The orc is almost dead.
You block the orc's attack. The orc hits you but does no damage.
You puncture the orc!
You kill the orc!
Maggie gestures wildly while chanting.
Maggie attempts to bespell you! You resist with almost no effort.
Maggie casts a spell at you. The bolt of fire hits you!!
Things that are here:
a +0 dagger; an orc corpse You barely miss Maggie.
Your headbutt misses Maggie.
Maggie is heavily wounded.
Maggie points at you and mumbles some strange words.
The bolt of fire hits you!!
* * * LOW HITPOINT WARNING * * *
You barely miss Maggie.
Maggie is heavily wounded.
Maggie hits you with a +1 scimitar of flaming!
* * * LOW HITPOINT WARNING * * *
Maggie burns you.
* * * LOW HITPOINT WARNING * * *
Maggie hits you with a +1 scimitar of flaming.
You die...
Your body disappears without a glow.

###### ####....# #.# ###
.....##.# #.# .. ###..##.#
##########.###.#
###..##.####..............
@
....................#.##.#
.#
#######.####..#######.##.##
.. #
#.####..######......###.# #
#.........@@.......°.!..# #
######..######............#
# #..# ##......###... #
#..# #.#...## ## # #..#
#.##### #
#..#######.######## #
#.............^...#. #
#.#####.###......... #
#.#####.# #.........


You could see Maggie.

Vanquished Creatures
  Grinder (D:5)
  Eustachio (D:5)
  Menkaure (D:5)
  A water moccasin (D:4)
  A sky beast (D:5)
  2 black bears
  2 ice beasts (D:4)
  2 ogres (D:5)
  2 phantoms (D:5)
  Blork the orc (D:5)
  A bullfrog (D:6)
  A scorpion (D:6)
  A water moccasin skeleton (D:4)
  A centaur zombie (D:6)
  3 hounds
  3 orc priests
  A bullfrog skeleton (D:5)
  A gnoll shaman (D:5)
  A jelly (D:6)
  An iguana (D:5)
  An orc wizard (D:5)
  A killer bee zombie (D:4)
  A hound skeleton (D:4)
  7 gnolls
  8 adders
  A river rat (D:3)
  2 shadow imps
  2 white imps
  An ufetubus (D:3)
  5 worms
  5 dart slugs
  10 orcs
  12 endoplasms
  5 giant cockroaches
  13 goblins
  8 hobgoblins
  8 jackals
  5 kobolds
  4 quokkas
  13 ball pythons
  13 bats
  5 frilled lizards
  11 rats
169 creatures vanquished.

Vanquished Creatures (others)
  A fungus (D:1)
  4 plants (D:1)
5 creatures vanquished.

Grand Total: 174 creatures vanquished

Notes
Turn   | Place    | Note
-------+----------+-------------------------------------------
     0 | D:1      | Metae the Minotaur Fighter began the quest for the Orb.
     0 | D:1      | Reached XP level 1. HP: 19/19 MP: 0/0
    14 | D:1      | Found a faded altar of an unknown god.
    30 | D:1      | Got Plato's Papyrus of the Voyage
   113 | D:1      | Reached XP level 2. HP: 27/27 MP: 1/1
  1051 | D:2      | Reached XP level 3. HP: 33/33 MP: 2/2
  1105 | D:2      | Found Ruraish's Weapon Shoppe.
  1804 | D:3      | Reached XP level 4. HP: 36/41 MP: 3/3
  1858 | D:3      | Found a glowing drain.
  1889 | Sewer    | Entered a sewer
  2704 | Sewer    | Reached XP level 5. HP: 14/47 MP: 4/4
  4093 | D:3      | Reached skill level 5 in Armour
  4093 | D:3      | Reached skill level 5 in Shields
  4362 | D:4      | Reached skill level 5 in Fighting
  4603 | D:4      | Reached XP level 6. HP: 4/56 MP: 5/5
  5121 | D:4      | Noticed an ice beast
  5137 | D:4      | Killed an ice beast
  5677 | D:4      | Found a staircase to the Ecumenical Temple.
  5733 | Temple   | Entered the Ecumenical Temple
  6311 | D:4      | Noticed a water moccasin
  6320 | D:4      | Killed a water moccasin
  6321 | D:4      | Reached skill level 5 in Polearms
  6321 | D:4      | Reached XP level 7. HP: 35/62 MP: 6/6
  7018 | Temple   | Became a worshipper of Nemelex Xobeh the Trickster
  7063 | D:5      | Entered Level 5 of the Dungeon
  7201 | D:5      | Reached skill level 1 in Invocations
  7202 | D:5      | Noticed Grinder
  7214 | D:5      | Killed Grinder
  7215 | D:5      | Reached XP level 8. HP: 36/71 MP: 6/8
  7395 | D:5      | Found a shimmering blue altar of Sif Muna.
  7399 | D:5      | Noticed Eustachio
  7447 | D:5      | Killed Eustachio
  8595 | D:5      | Found a radiant altar of Vehumet.
  8597 | D:5      | Reached * piety under Nemelex Xobeh
  8625 | D:5      | Noticed Menkaure
  8633 | D:5      | Killed Menkaure
  9184 | D:5      | Received a gift from Nemelex Xobeh
  9598 | D:6      | Reached XP level 9. HP: 75/79 MP: 10/10
  9777 | D:6      | Noticed Blork the orc
  9795 | D:5      | Killed Blork the orc
  9833 | D:6      | Found a shadowy altar of Dithmenos.
 10004 | D:6      | Received a gift from Nemelex Xobeh
 10057 | D:6      | Noticed Maggie
 10078 | D:6      | HP: 2/80 [Maggie (5)]
 10078 | D:6      | Slain by Maggie

Illustrated notes

Levels and vault maps discovered:
D:1:      dpeg_arrival_prison, layout_loops_cross,
          shapermc_ecumenical_altar_rom_forum, chequers_big_river
D:2:      layout_basic, serial_shops, shop_fountains, st_stairs_3,
          minmay_hexomino_c4
D:3:      kennysheep_the_goblin_king, layout_basic, portal_sewer_entry_a
D:4:      layout_basic, minmay_temple_entry_glassed_door, serial_corexii_hall,
          corexii_hall_statues_s, chequers_hall_statues_y
D:5:      layout_loops_corners, vehumet_crystals, lemuel_doored_altar,
          minmay_misc_feat_hallway, kennysheep_donut, uniq_menkaure,
          uniq_grinder, uniq_eustachio
D:6:      layout_loops_ring, grunt_dithmenos_shadows, tgw_xom, uniq_maggie,
          uniq_blork_the_orc
Temple:   jpeg_temple_island

Skill      XL: |  1  2  3  4  5  6  7  8 |
---------------+-------------------------+-----
Armour         | 4 5 6 7 |  7.8
Fighting       | 4 5 6 7 |  7.7
Shields        | 4 5 6 7 |  7.8
Polearms       | 3 4 5 7 |  7.2
Invocations    | 1 3 |  3.7

Action                   |  1- 3 |  4- 6 |  7- 9 || total
-------------------------+-------+-------+-------++-------
Melee: Trident           |   105 |   223 |   197 ||   525
       Headbutt          |     8 |    37 |    27 ||    72
Throw: Boomerang         |       |       |     3 ||     3
Invok: Draw Destruction  |       |       |     1 ||     1
       Draw Summoning    |       |       |     1 ||     1
  Use: Potion            |       |     1 |       ||     1
       Scroll            |       |     3 |       ||     3
Armor: Scale mail        |    41 |    80 |       ||   121
       Chain mail        |       |    23 |    79 ||   102
Dodge: Dodged            |    28 |    74 |    63 ||   165
Block: Kite shield       |    47 |   130 |   122 ||   299
